[Event "Titled Tuesday Blitz November 22 Early 2022"]
[White "Aarav Dengla"]
[Black "Osmonbekov, Talaibek"]
[WhiteFideId "45059756"]
[BlackFideId "2017253"]
[WhiteElo "2261"]
[BlackElo "2135"]
[Result "0-1"]
[Round "07"]
[TimeControl "180+1"]
[Date "2022.11.23"]
[WhiteClock "0:00:06"]
[BlackClock "0:01:05"]

1. e4 c5 2. Nf3 d6 3. d4 cxd4 4. Nxd4 Nf6 5. Nc3 g6 6. Be3 Bg7 7. f3 O-O 8. Bc4 Nc6 9. Qd2 Bd7 10. h4 Rc8 11. Bb3 h5 12. O-O-O Nxd4 13. Bxd4 b5 14. g4 b4 15. Nd5 Nxd5 16. Bxd5 e6 17. Bb3 a5 18. Bxg7 Kxg7 19. Qxd6 a4 20. Qxd7 axb3 21. axb3 Qa5 22. Qd3 Rfd8 23. Qxd8 Rxd8 24. Kb1 Rxd1+ 25. Rxd1 hxg4 26. fxg4 Qe5 27. Re1 Qg3 28. Rd1 Qe3 0-1


[Site "https://www.chess.com"]

[Event "Titled Tuesday Blitz November 22 Early 2022"]
[White "Aizpurua, Patrick Emilio"]
[Black "Ansh M Shah"]
[WhiteFideId "6600522"]
[BlackFideId "25033379"]
[WhiteElo "2378"]
[BlackElo "2084"]
[Result "1/2-1/2"]
[Round "07"]
[TimeControl "180+1"]
[Date "2022.11.23"]
[WhiteClock "0:01:36"]
[BlackClock "0:00:18"]

1. d4 Nf6 2. Nf3 e6 3. c4 d5 4. g3 Be7 5. Bg2 O-O 6. O-O c6 7. Qc2 Nbd7 8. b3 b6 9. Rd1 Bb7 10. Nc3 Rc8 11. e4 dxe4 12. Nxe4 Nxe4 13. Qxe4 Nf6 14. Qe2 c5 15. dxc5 Qc7 16. cxb6 Qxb6 17. Be3 Qa5 18. Qd2 Bb4 19. Qe2 Ne4 20. Rd7 Bc6 21. Rxa7 Qh5 22. Nd4 Qxe2 23. Nxe2 Rfd8 24. Nd4 Ba8 25. Rxa8 Rxa8 26. Bxe4 Bc3 27. Bxa8 Bxa1 28. Nc2 Rxa8 29. Nxa1 Rxa2 30. Bd4 Rd2 31. Bc3 Rd3 32. Bb2 Rd2 33. Bc3 Rd3 34. Be5 f6 35. Bb2 Rd2 36. Bc3 Rd3 37. Bb2 Rd2 38. Bc3 Rd3 39. Bb2 1/2-1/2


[Site "https://www.chess.com"]

[Event "Titled Tuesday Blitz November 22 Early 2022"]
[White "Akbas, Umut Ata"]
[Black "Djokic, Mihailo"]
[WhiteFideId "44572646"]
[BlackFideId "976440"]
[WhiteElo "2192"]
[BlackElo "2315"]
[Result "1-0"]
[Round "07"]
[TimeControl "180+1"]
[Date "2022.11.23"]
[WhiteClock "0:01:51"]
[BlackClock "0:00:56"]

1. c4 e5 2. Nc3 Nc6 3. Nf3 Nf6 4. g3 Bb4 5. Nd5 Bc5 6. e3 d6 7. d4 Nxd5 8. cxd5 Bb4+ 9. Nd2 Bxd2+ 10. Qxd2 Ne7 11. Bg2 O-O 12. O-O Bf5 13. e4 Bg6 14. dxe5 dxe5 15. Qc3 f6 16. Be3 c6 17. Rfd1 cxd5 18. exd5 Qd7 19. d6 Nc6 20. b4 Rac8 21. Qb2 Bf7 22. b5 Na5 23. a4 Nc4 24. Qe2 Nxd6 25. Bxa7 Qe7 26. Rac1 Bb3 27. Re1 Bxa4 28. Qa2+ 1-0


[Site "https://www.chess.com"]

[Event "Titled Tuesday Blitz November 22 Early 2022"]
[White "Al-Tarboush, Ward"]
[Black "Sanchez, Robert"]
[WhiteFideId "7601450"]
[BlackFideId "2034360"]
[WhiteElo "2273"]
[BlackElo "2306"]
[Result "1-0"]
[Round "07"]
[TimeControl "180+1"]
[Date "2022.11.23"]
[WhiteClock "0:02:05"]
[BlackClock "0:00:22"]

1. d4 Nf6 2. Nc3 e6 3. e4 d5 4. e5 Nfd7 5. f4 c5 6. Nf3 Nc6 7. Be3 Be7 8. Be2 a6 9. O-O O-O 10. Qd2 cxd4 11. Nxd4 Nxd4 12. Bxd4 Nc5 13. Bf3 Bd7 14. Ne2 Ne4 15. Qe3 Bc6 16. Ng3 Nxg3 17. hxg3 Rc8 18. g4 Bb5 19. Rf2 Qd7 20. c3 Rfe8 21. g3 Bc4 22. Rh2 f6 23. Kg2 fxe5 24. Bxe5 Bc5 25. Qd2 Bb5 26. Rah1 h6 27. g5 hxg5 28. Rh8+ Kf7 29. R8h7 Rg8 30. fxg5 Rcf8 31. Bh5+ Ke7 32. Bxg7 Rf2+ 33. Qxf2 Bxf2 34. Bf6+ Kd6 35. Rxd7+ Bxd7 36. Kxf2 e5 1-0


[Site "https://www.chess.com"]

[Event "Titled Tuesday Blitz November 22 Early 2022"]
[White "Aldokhin, Ivan"]
[Black "Storey, Charles H"]
[WhiteFideId "24115720"]
[BlackFideId "406686"]
[WhiteElo "2313"]
[BlackElo "2252"]
[Result "0-1"]
[Round "07"]
[TimeControl "180+1"]
[Date "2022.11.23"]
[WhiteClock "0:00:04"]
[BlackClock "0:00:11"]

1. e4 g6 2. d4 Bg7 3. Nc3 c5 4. Nf3 Qa5 5. d5 Bxc3+ 6. bxc3 Nf6 7. e5 Nxd5 8. Qxd5 Qxc3+ 9. Qd2 Qxa1 10. Bc4 Nc6 11. O-O Nxe5 12. Nxe5 Qxe5 13. Re1 Qd4 14. Qg5 O-O 15. Bf1 f6 16. Qg3 e5 17. Bh6 Rf7 18. Be3 Qd5 19. Qh4 Qc6 20. f4 d5 21. fxe5 fxe5 22. Bh6 Qf6 23. Qg3 e4 24. Bg5 Qf5 25. Be2 Bd7 26. h3 Re8 27. Bh6 Qf6 28. Rf1 Qe6 29. Re1 Qf6 30. Bg5 Qd4+ 31. Kh2 Ref8 32. Be3 Qf6 33. Bxc5 Rc8 34. Be3 Rxc2 35. Bg4 Bxg4 36. Qxg4 Rc6 37. Rd1 Qd6+ 38. Kh1 Qf6 39. Bd4 Qf5 40. Qg3 Rc4 41. Qe3 Rxd4 42. Qxd4 h5 43. Qc5 Kh7 44. Qd4 b6 45. Qc3 Qf4 46. Rxd5 Qf1+ 47. Kh2 Qf4+ 48. Kh1 e3 49. Re5 Qf1+ 50. Kh2 e2 51. Qd2 Qf6 52. Rxe2 Qf4+ 53. Qxf4 Rxf4 54. Re7+ Kh6 55. Rxa7 Rb4 56. Ra6 Rb2 57. Kg3 Kg5 58. h4+ Kf5 59. Kf3 Rb1 60. Ra8 Ke5 61. Re8+ Kf6 62. Rf8+ Kg7 63. Rb8 Kh6 64. Ra8 Rb2 65. g3 Rb4 66. Ra7 Rb2 67. a3 Rb3+ 68. Kf4 Rb2 69. Ke5 Rb3 70. Kf4 Rb1 71. Ra6 Rb3 72. Ra8 Rb2 73. a4 Rb4+ 74. Kf3 Kg7 75. Ra7+ Kf6 76. Ke3 Kf5 77. Kf3 Rb3+ 78. Kf2 Kg4 79. Rg7 Rb2+ 80. Ke3 Kxg3 81. Rxg6+ Kxh4 82. Kd3 Rb4 83. Kc3 Rxa4 84. Rxb6 Re4 85. Kd3 Re7 86. Rg6 Kh3 87. Rg5 h4 88. Rg6 Kh2 89. Kd4 h3 90. Kd3 Kh1 91. Kd4 h2 92. Rg5 Re1 93. Kd3 Rg1 94. Rh5 Kg2 95. Rg5+ Kh3 96. Rh5+ Kg3 97. Rg5+ Kf4 0-1


[Site "https://www.chess.com"]

[Event "Titled Tuesday Blitz November 22 Early 2022"]
[White "Aloma Vidal, Robert"]
[Black "Lehtosaari, Mauri"]
[WhiteFideId "2260409"]
[BlackFideId "501999"]
[WhiteElo "2435"]
[BlackElo "2510"]
[Result "1/2-1/2"]
[Round "07"]
[TimeControl "180+1"]
[Date "2022.11.23"]
[WhiteClock "0:00:07"]
[BlackClock "0:00:15"]

1. e4 d5 2. exd5 Qxd5 3. Nc3 Qe5+ 4. Nge2 c6 5. d4 Qa5 6. g3 Nf6 7. Bg2 Bg4 8. O-O e6 9. h3 Bxe2 10. Nxe2 Be7 11. a4 O-O 12. Bd2 Qd8 13. b4 a6 14. c4 Nbd7 15. Qb3 Qb6 16. Rab1 Rfc8 17. Be3 Qc7 18. g4 h6 19. f4 Rab8 20. g5 hxg5 21. fxg5 Nh5 22. g6 fxg6 23. Qd3 Nf8 24. Qe4 Qd7 25. Nf4 Nxf4 26. Bxf4 Bd6 27. Be3 Re8 28. Rf2 Rbd8 29. b5 axb5 30. axb5 Rc8 31. bxc6 bxc6 32. Rbf1 Bb8 33. h4 Qd6 34. Bf4 Qe7 35. Bxb8 Rxb8 36. Rf7 Qd6 37. c5 Qg3 38. Qxc6 Rb2 39. Qf3 Qxf3 40. R7xf3 Rd8 41. c6 Rc2 42. Rf4 Nh7 43. Bh3 Nf6 44. Bxe6+ Kh7 45. Rxf6 gxf6 46. d5 Rd6 47. Rxf6 Kg7 48. Rf7+ Kh6 49. Kf1 g5 50. hxg5+ Kxg5 51. Ke1 Rcxc6 52. dxc6 Rxe6+ 53. Kd2 Rxc6 54. Rd7 Kf5 55. Rd5+ Ke6 56. Rd3 Rd6 57. Rxd6+ Kxd6 1/2-1/2


[Site "https://www.chess.com"]

[Event "Titled Tuesday Blitz November 22 Early 2022"]
[White "Andreikin, Dmitry"]
[Black "Urazayev, Arystanbek"]
[WhiteFideId "4158814"]
[BlackFideId "13709810"]
[WhiteElo "2736"]
[BlackElo "2441"]
[Result "1-0"]
[Round "07"]
[TimeControl "180+1"]
[Date "2022.11.22"]
[WhiteClock "0:00:30"]
[BlackClock "0:00:09"]

1. d4 d5 2. c4 e6 3. Nc3 Nf6 4. cxd5 exd5 5. Bg5 c6 6. e3 h6 7. Bh4 Be7 8. Bd3 O-O 9. Nge2 Re8 10. O-O Nbd7 11. a3 a5 12. Rb1 Nh5 13. Bxe7 Qxe7 14. b4 axb4 15. axb4 b5 16. e4 dxe4 17. Bxe4 Bb7 18. Bf3 Qg5 19. Qc1 Nhf6 20. g3 Nb6 21. h4 Qf5 22. Qf4 Qxf4 23. Nxf4 Ra3 24. Rfc1 Nc4 25. Ra1 Rea8 26. Rxa3 Rxa3 27. Bg2 g5 28. hxg5 hxg5 29. Nh3 Rb3 30. Nxg5 Rxb4 31. Ra1 Nd6 32. Nf3 Rb3 33. Rc1 Nc4 34. Ne5 Nd5 35. Ne4 Nxe5 36. dxe5 b4 37. Nd6 Rc3 38. Rb1 Ba8 39. Bxd5 cxd5 40. Rxb4 Rc1+ 41. Kh2 Kh7 42. Rh4+ Kg6 43. Rg4+ Kh5 44. Rg8 Bc6 45. Nxf7 d4 46. Rg5# 1-0


[Site "https://www.chess.com"]

[Event "Titled Tuesday Blitz November 22 Early 2022"]
[White "Arabidze, Meri"]
[Black "Pultinevicius, Paulius"]
[WhiteFideId "13604040"]
[BlackFideId "12809390"]
[WhiteElo "2403"]
[BlackElo "2493"]
[Result "0-1"]
[Round "07"]
[TimeControl "180+1"]
[Date "2022.11.22"]
[WhiteClock "0:00:01"]
[BlackClock "0:00:40"]

1. Nf3 g6 2. g3 Bg7 3. Bg2 d5 4. O-O c5 5. c4 d4 6. d3 Nc6 7. a3 Nf6 8. b4 O-O 9. bxc5 Nd7 10. a4 Nxc5 11. Ba3 b6 12. Ng5 Bd7 13. Bxc5 bxc5 14. Ne4 Qc7 15. Nxc5 Bc8 16. Nd2 Rb8 17. Rb1 Rxb1 18. Qxb1 h5 19. Qb5 Ne5 20. Na6 Qd6 21. Nb4 h4 22. c5 Qe6 23. Nf3 h3 24. Bh1 Ng4 25. Qc4 Qxe2 26. Nxd4 Bxd4 27. Qxd4 Nxh2 28. Kxh2 Qxf1 29. Nd5 e5 30. Ne7+ Kh7 31. Qe3 Rd8 32. Nd5 Be6 33. Nf6+ Kg7 34. Ne4 Rxd3 35. Qg5 Bf5 36. Qf6+ Kg8 0-1


[Site "https://www.chess.com"]

[Event "Titled Tuesday Blitz November 22 Early 2022"]
[White "Avazkhonov, Alikhon"]
[Black "Odegov, Artem"]
[WhiteFideId "14208504"]
[BlackFideId "34183644"]
[WhiteElo "1739"]
[BlackElo "2298"]
[Result "0-1"]
[Round "07"]
[TimeControl "180+1"]
[Date "2022.11.23"]
[WhiteClock "0:00:05"]
[BlackClock "0:01:38"]

1. d4 Nf6 2. c4 c5 3. d5 e5 4. Nc3 d6 5. e4 Be7 6. Bd3 O-O 7. Nf3 Ne8 8. O-O g6 9. Bh6 Ng7 10. Nd2 Nd7 11. Re1 Nf6 12. h3 Kh8 13. Nf1 Ng8 14. Bd2 f5 15. exf5 gxf5 16. Ng3 f4 17. Nh5 Qe8 18. Nxg7 Kxg7 19. Ne4 Nf6 20. Nxf6 Bxf6 21. Qc2 Qh5 22. Be2 Qh4 23. Bf3 Kh8 24. Bc3 Rg8 25. Kf1 Bd7 26. Be4 b5 27. b3 a5 28. Ke2 a4 29. Qd3 Be8 30. cxb5 Bh5+ 31. Kd2 Qxf2+ 32. Kc1 axb3 33. Bf3 Bxf3 34. gxf3 Rg2 35. Qf5 b2+ 0-1


[Site "https://www.chess.com"]

[Event "Titled Tuesday Blitz November 22 Early 2022"]
[White "Averjanov, Alexey"]
[Black "Mohammed, Zozek Salah Mohammed"]
[WhiteFideId "14109867"]
[BlackFideId "4803361"]
[WhiteElo "2604"]
[BlackElo "2199"]
[Result "1/2-1/2"]
[Round "07"]
[TimeControl "180+1"]
[Date "2022.11.23"]
[WhiteClock "0:00:20"]
[BlackClock "0:00:13"]

1. d4 Nf6 2. c4 g6 3. Nc3 d5 4. cxd5 Nxd5 5. e4 Nxc3 6. bxc3 Bg7 7. Nf3 c5 8. Be3 O-O 9. Qd2 Nc6 10. Rc1 Bg4 11. d5 Bxf3 12. gxf3 Ne5 13. Be2 e6 14. f4 Nd7 15. c4 exd5 16. cxd5 Re8 17. e5 b6 18. O-O Qh4 19. Rfd1 Rad8 20. Bf3 Nxe5 21. fxe5 Bxe5 22. Bg5 Qxh2+ 23. Kf1 f6 24. Be3 h5 25. Qd3 Kg7 26. Rc4 Qh3+ 27. Bg2 Qd7 28. a4 f5 29. Bg5 Bf6 30. Bxf6+ Kxf6 31. Qc3+ Kg5 32. d6 Re6 33. Qg3+ Kh6 34. Qf4+ Kh7 35. Rcc1 Rxd6 36. Rxd6 Qxd6 37. Qg5 Qd3+ 38. Kg1 Rd7 39. Re1 Qd6 40. Re8 c4 41. Qe3 Qd1+ 42. Kh2 Qd6+ 43. f4 c3 44. Qxc3 Qxf4+ 45. Kh3 Qg4+ 46. Kh2 Qf4+ 47. Kh3 Qg4+ 48. Kh2 Qf4+ 1/2-1/2


[Site "https://www.chess.com"]

[Event "Titled Tuesday Blitz November 22 Early 2022"]
[White "Barria Zuniga, Daniel"]
[Black "Xu, Yi"]
[WhiteFideId "3400816"]
[BlackFideId "8605564"]
[WhiteElo "2414"]
[BlackElo "2471"]
[Result "0-1"]
[Round "07"]
[TimeControl "180+1"]
[Date "2022.11.22"]
[WhiteClock "0:00:38"]
[BlackClock "0:01:02"]

1. d4 Nf6 2. c4 e6 3. Nf3 d5 4. Nc3 c6 5. Bg5 h6 6. Bxf6 Qxf6 7. e3 g6 8. Qc2 Bg7 9. O-O-O O-O 10. h4 Nd7 11. Kb1 Qe7 12. g4 dxc4 13. Bxc4 b5 14. Be2 Bb7 15. g5 h5 16. e4 b4 17. Na4 c5 18. dxc5 Rac8 19. Rc1 Rc7 20. Qc4 Rfc8 21. Qxb4 Nxc5 22. Nxc5 Rxc5 23. Rxc5 Rxc5 24. a3 a5 25. Qb6 Bxe4+ 26. Ka1 Rc2 0-1


[Site "https://www.chess.com"]

[Event "Titled Tuesday Blitz November 22 Early 2022"]
[White "Begmuratov, Khumoyun"]
[Black "Bacrot, Etienne"]
[WhiteFideId "14210207"]
[BlackFideId "605506"]
[WhiteElo "2267"]
[BlackElo "2666"]
[Result "1-0"]
[Round "07"]
[TimeControl "180+1"]
[Date "2022.11.22"]
[WhiteClock "0:00:03"]
[BlackClock "0:00:03"]

1. e4 g6 2. d4 Bg7 3. Nc3 d6 4. Be3 a6 5. a4 Nf6 6. h3 O-O 7. Qd2 Nbd7 8. Bh6 e5 9. Bxg7 Kxg7 10. dxe5 dxe5 11. Nf3 Qe7 12. Bc4 Nc5 13. Qe3 b6 14. O-O Bb7 15. Nd2 a5 16. Rad1 Rad8 17. Rfe1 Rd4 18. Ne2 Rd6 19. Ng3 Rfd8 20. Qg5 Kh8 21. Kh2 Ng8 22. Qe3 Nxa4 23. Qb3 Nc5 24. Qe3 Qd7 25. Re2 Nf6 26. f4 Qe7 27. fxe5 Qxe5 28. Nf3 Qxb2 29. Rxd6 cxd6 30. e5 dxe5 31. Nxe5 Rf8 32. Nxf7+ Kg7 33. Qh6+ Kg8 34. Re7 Bd5 35. Ng5 Bxc4 36. Qg7# 1-0


[Site "https://www.chess.com"]

[Event "Titled Tuesday Blitz November 22 Early 2022"]
[White "Bilych, Olexiy"]
[Black "Sharifov, Mekhriddin"]
[WhiteFideId "14156504"]
[BlackFideId "14701545"]
[WhiteElo "2320"]
[BlackElo "2109"]
[Result "0-1"]
[Round "07"]
[TimeControl "180+1"]
[Date "2022.11.22"]
[WhiteClock "0:00:04"]
[BlackClock "0:00:12"]

1. e4 c5 2. Nf3 d6 3. d4 cxd4 4. Nxd4 Nf6 5. Nc3 a6 6. Bg5 Nbd7 7. Bc4 Qb6 8. O-O e6 9. Qd2 Be7 10. Bb3 Nc5 11. Rfe1 O-O 12. Rad1 Qc7 13. Nf3 Rd8 14. Bf4 b5 15. e5 dxe5 16. Bxe5 Rxd2 17. Bxc7 Rxd1 18. Rxd1 Bb7 19. Ne5 Rc8 20. Bd6 Bxd6 21. Rxd6 b4 22. Na4 Nxb3 23. axb3 g6 24. Nc4 Be4 25. c3 Bc2 26. Nd2 bxc3 27. bxc3 Rb8 28. Nc5 a5 29. c4 Rc8 30. Na4 Rb8 31. Rb6 Rd8 32. Nf1 Rd1 33. Nc3 Ra1 34. Rd6 Bxb3 35. c5 Bc4 36. Rd1 Rxd1 37. Nxd1 Bb5 38. Nc3 Bc6 39. Ne3 Nd7 40. Nc4 Nxc5 41. Nxa5 Bd5 42. Nxd5 exd5 43. Kf1 Kg7 44. Ke2 Kf6 45. Ke3 Ke6 46. Kd4 Kd6 47. f3 g5 48. g3 h5 49. h4 f6 50. Ke3 Kc7 51. Kd4 Kd6 52. Ke3 gxh4 53. gxh4 Kc7 54. Kd4 Kd6 55. Ke3 Ne6 56. f4 d4+ 57. Ke4 f5+ 58. Kxf5 d3 59. Nc4+ Kd5 60. Nd2 Nd4+ 61. Kg5 Ne6+ 62. Kf5 Nd4+ 63. Kf6 Ne2 64. f5 Kd4 65. Kg7 Ke3 66. Nb3 Ng3 67. f6 Nf5+ 68. Kh7 Nd6 69. Kg8 Kf4 70. f7 Nxf7 71. Kxf7 Kg4 72. Kf6 Kxh4 73. Kf5 Kg3 74. Nd2 h4 75. Ne4+ Kg2 76. Kf4 h3 77. Ke3 h2 78. Nf2 d2 79. Ke2 d1=Q+ 80. Nxd1 h1=Q 81. Ne3+ Kg3 82. Kd3 Kf4 83. Nc2 Qe4+ 84. Kc3 Qc6+ 85. Kd3 Ke5 86. Ne3 Qb5+ 87. Kc3 Qc5+ 88. Kd3 Qb5+ 89. Kc3 Ke4 90. Nc2 Qd3+ 91. Kb2 Qb5+ 92. Kc3 Qc5+ 93. Kd2 Qc4 94. Ne1 Qb4+ 95. Ke2 Qb2+ 96. Kd1 Kd4 97. Nf3+ Kc3 98. Ke1 Qg2 99. Ne5 Qd2+ 100. Kf1 Qf4+ 101. Kg2 Qxe5 102. Kf3 Kd4 103. Kf2 Qe3+ 0-1


[Site "https://www.chess.com"]

[Event "Titled Tuesday Blitz November 22 Early 2022"]
[White "Boraso, Alessio"]
[Black "Goncalves, Davi Sulzbacher"]
[WhiteFideId "848077"]
[BlackFideId "2154510"]
[WhiteElo "2286"]
[BlackElo "2182"]
[Result "0-1"]
[Round "07"]
[TimeControl "180+1"]
[Date "2022.11.23"]
[WhiteClock "0:00:03"]
[BlackClock "0:00:43"]

1. e4 c6 2. d4 d5 3. exd5 cxd5 4. c4 Nf6 5. Nc3 Nc6 6. Nf3 Bg4 7. cxd5 Nxd5 8. Qb3 Bxf3 9. gxf3 Nb6 10. d5 Ne5 11. Bb5+ Ned7 12. O-O a6 13. Bxd7+ Nxd7 14. Qxb7 Rb8 15. Qxa6 g5 16. Ne4 Rg8 17. Re1 Rb6 18. Nd6+ Rxd6 19. Qxd6 g4 20. f4 Qa5 21. b4 Qa7 22. Be3 Qa3 23. Bc5 Kd8 24. Bb6+ Ke8 25. Qc7 Qa8 26. Rac1 f5 27. Qc8+ Qxc8 28. Rxc8+ Kf7 29. Bd4 Rg6 30. b5 Rd6 31. Rd1 Rxd5 32. a4 Nb6 33. Bxb6 Rxd1+ 34. Kg2 Rb1 35. Rc5 Ra1 36. Rc4 Bh6 37. Be3 e5 38. fxe5 Bxe3 39. fxe3 Rb1 40. Kg3 Ke6 41. Rc6+ Kxe5 42. Rc4 Rb3 43. Kf2 h5 44. Ke2 h4 45. Rc5+ Ke4 46. Rc4+ Kd5 47. Rc8 Rb2+ 48. Kd3 Rxh2 49. b6 Rb2 50. a5 h3 51. Rh8 Rb3+ 52. Kc2 Rb5 53. a6 Rxb6 54. a7 Ra6 55. a8=Q+ Rxa8 56. Rxa8 g3 57. e4+ Kxe4 58. Ra3 f4 59. Kd2 h2 60. Ra4+ Kf3 61. Ra3+ Kg4 62. Ra8 h1=Q 63. Rg8+ Kf3 64. Re8 g2 65. Re2 g1=Q 66. Re5 0-1


[Site "https://www.chess.com"]

[Event "Titled Tuesday Blitz November 22 Early 2022"]
[White "Bristy, Mukherjee"]
[Black "Garmash, Aliona"]
[WhiteFideId "25077325"]
[BlackFideId "34127620"]
[WhiteElo "1715"]
[BlackElo "1958"]
[Result "0-1"]
[Round "07"]
[TimeControl "180+1"]
[Date "2022.11.23"]
[WhiteClock "0:00:15"]
[BlackClock "0:00:23"]

1. d4 d5 2. Bg5 h6 3. Bh4 c6 4. c3 Bf5 5. Nd2 Nd7 6. Qb3 Qb6 7. Qxb6 axb6 8. Ngf3 e6 9. e3 Ngf6 10. Bxf6 Nxf6 11. Be2 Be7 12. O-O b5 13. Ne5 O-O 14. Bd3 Bxd3 15. Nxd3 b6 16. a3 c5 17. Rae1 Rfc8 18. h3 Ra4 19. Kh1 b4 20. axb4 cxb4 21. b3 Ra2 22. Nb1 bxc3 23. Rc1 Ne4 24. Kg1 Rc7 25. f3 Ng3 26. Rf2 Ne2+ 27. Kf1 Nxc1 28. Nxc1 Rxf2+ 29. Kxf2 c2 30. Nd2 Ba3 0-1


[Site "https://www.chess.com"]

[Event "Titled Tuesday Blitz November 22 Early 2022"]
[White "Can, Isik"]
[Black "Sargissyan, Sargis"]
[WhiteFideId "6383742"]
[BlackFideId "13303210"]
[WhiteElo "2374"]
[BlackElo "2109"]
[Result "1-0"]
[Round "07"]
[TimeControl "180+1"]
[Date "2022.11.23"]
[WhiteClock "0:01:48"]
[BlackClock "0:01:11"]

1. e4 e5 2. Nf3 Nc6 3. Bb5 a6 4. Bxc6 dxc6 5. O-O f6 6. d4 exd4 7. Nxd4 c5 8. Ne2 Qxd1 9. Rxd1 Bd7 10. Be3 O-O-O 11. Nbc3 Bd6 12. Bf4 Bxf4 13. Nxf4 Ne7 14. Rd2 Nc6 15. Rad1 Nd4 16. Nce2 Nxe2+ 17. Nxe2 Bg4 18. Rxd8+ Rxd8 19. Rxd8+ Kxd8 20. f3 Be6 21. a3 b5 22. Kf2 Kd7 23. Ke3 Bf7 24. g4 c4 25. h4 c5 26. Ng3 b4 27. c3 a5 28. Nf5 g6 29. Nh6 Be6 30. f4 Kd6 31. f5 gxf5 32. gxf5 Bd7 33. Kf4 Be8 34. Ng8 Kc6 35. Nxf6 Bf7 36. e5 Kb5 37. e6 Be8 38. Nxe8 Ka4 39. Nd6 1-0


[Site "https://www.chess.com"]

[Event "Titled Tuesday Blitz November 22 Early 2022"]
[White "Castillo Pena, Patricia Evarista"]
[Black "Rosh Jain"]
[WhiteFideId "6412106"]
[BlackFideId "25789465"]
[WhiteElo "1919"]
[BlackElo "2233"]
[Result "0-1"]
[Round "07"]
[TimeControl "180+1"]
[Date "2022.11.23"]
[WhiteClock "0:00:24"]
[BlackClock "0:01:39"]

1. d4 Nf6 2. Nf3 e6 3. e3 d5 4. Bd3 Bd6 5. O-O O-O 6. b3 c5 7. Bb2 Nbd7 8. Nbd2 b6 9. Ne5 Bb7 10. f4 Ne4 11. Nxe4 dxe4 12. Bc4 cxd4 13. exd4 Nf6 14. Qe2 a6 15. a4 Qc7 16. Rac1 Bd5 17. Bxa6 Ne8 18. Bb5 f6 19. Nc4 Bxf4 20. Rxf4 Qxf4 21. Nxb6 Ra7 22. c4 Ba8 23. Rf1 Qg5 24. Bc1 Qg6 25. Be3 Nd6 26. c5 Nf5 27. b4 Rd8 28. a5 Nxd4 29. Bc4 Nxe2+ 0-1


[Site "https://www.chess.com"]

[Event "Titled Tuesday Blitz November 22 Early 2022"]
[White "Chan, Kim Yew"]
[Black "Ghosh, Chanchal Kumer"]
[WhiteFideId "5717981"]
[BlackFideId "10201858"]
[WhiteElo "2206"]
[BlackElo "2058"]
[Result "0-1"]
[Round "07"]
[TimeControl "180+1"]
[Date "2022.11.23"]
[WhiteClock "0:00:01"]
[BlackClock "0:00:28"]

1. d4 d5 2. c4 e6 3. g3 Nf6 4. Bg2 c6 5. Nf3 Nbd7 6. O-O Bd6 7. Qc2 O-O 8. Rd1 Qe7 9. Nbd2 e5 10. dxe5 Nxe5 11. Nxe5 Bxe5 12. Nf3 Bc7 13. cxd5 Nxd5 14. e4 Nf6 15. Nd4 Bb6 16. h3 Re8 17. Bg5 Qe5 18. Bf4 Qe7 19. Nb3 Nxe4 20. Bxe4 Qxe4 21. Re1 Qxe1+ 22. Rxe1 Rxe1+ 23. Kg2 Be6 24. Qd2 Bd5+ 25. f3 Rg1+ 26. Kh2 Bxf3 27. g4 Rd8 28. Qxd8+ Bxd8 29. Kxg1 Bd5 30. Nc5 Bb6 31. b4 Bxa2 32. Kg2 Bxc5 33. bxc5 a5 34. Bd2 a4 35. Kg3 f6 36. Kf4 Kf7 37. h4 Ke6 38. Bc1 g6 0-1


[Site "https://www.chess.com"]

[Event "Titled Tuesday Blitz November 22 Early 2022"]
[White "Chernov, Mikhail"]
[Black "Danielian, Vardan"]
[WhiteFideId "24143170"]
[BlackFideId "13301594"]
[WhiteElo "2113"]
[BlackElo "2557"]
[Result "0-1"]
[Round "07"]
[TimeControl "180+1"]
[Date "2022.11.23"]
[WhiteClock "0:00:02"]
[BlackClock "0:00:53"]

1. d4 Nf6 2. Nc3 d5 3. Bf4 c6 4. e3 Bf5 5. Nf3 e6 6. Ne5 Nbd7 7. g4 Nxe5 8. gxf5 Ned7 9. fxe6 fxe6 10. Bh3 Qe7 11. Qe2 e5 12. dxe5 Nxe5 13. O-O-O g6 14. e4 d4 15. Rxd4 Bg7 16. Rhd1 O-O 17. Bg5 h6 18. Bh4 g5 19. Bg3 b5 20. Bf5 a5 21. f4 Nc4 22. fxg5 hxg5 23. Rxc4 bxc4 24. Qxc4+ Kh8 25. h4 g4 26. Qe2 Rab8 27. Bxb8 Rxb8 28. h5 Qb4 29. Rd3 Qxb2+ 30. Kd2 Bh6+ 31. Ke1 Qc1+ 32. Kf2 Qf4+ 33. Kg2 Kg7 34. Rd1 Rf8 35. Rf1 Qg5 36. Qc4 Nxh5 37. Qxc6 Nf4+ 38. Kh1 Qh4+ 39. Kg1 Qg3+ 0-1


[Site "https://www.chess.com"]

[Event "Titled Tuesday Blitz November 22 Early 2022"]
[White "Chigaev, Maksim"]
[Black "Gines Esteo, Pedro Antonio"]
[WhiteFideId "4108116"]
[BlackFideId "32080190"]
[WhiteElo "2541"]
[BlackElo "2422"]
[Result "1-0"]
[Round "07"]
[TimeControl "180+1"]
[Date "2022.11.22"]
[WhiteClock "0:00:32"]
[BlackClock "0:00:01"]

1. c4 Nf6 2. Nc3 e6 3. e4 d5 4. cxd5 exd5 5. e5 Ne4 6. Nf3 Be7 7. d4 O-O 8. Bd3 f5 9. exf6 Bxf6 10. O-O Nxc3 11. bxc3 Bg4 12. Be2 c6 13. Ne5 Bxe2 14. Qxe2 Nd7 15. f4 Nxe5 16. dxe5 Be7 17. Be3 Qd7 18. a4 b6 19. g4 Rae8 20. f5 Bc5 21. Bxc5 bxc5 22. e6 Qd6 23. Kg2 d4 24. c4 Rb8 25. Rad1 Rb3 26. Rf3 Rb4 27. g5 Rfb8 28. Rd2 Qd8 29. f6 R4b7 30. e7 1-0


[Site "https://www.chess.com"]

[Event "Titled Tuesday Blitz November 22 Early 2022"]
[White "Cramling Bellon, Anna"]
[Black "Buscar, Michael"]
[WhiteFideId "32009232"]
[BlackFideId "2603616"]
[WhiteElo "1972"]
[BlackElo "2010"]
[Result "0-1"]
[Round "07"]
[TimeControl "180+1"]
[Date "2022.11.23"]
[WhiteClock "0:00:10"]
[BlackClock "0:01:41"]

1. d4 d5 2. c4 e6 3. Nc3 a6 4. cxd5 exd5 5. Nf3 Nf6 6. Bg5 Be7 7. e3 c6 8. h3 O-O 9. Bd3 Nbd7 10. Qc2 Re8 11. O-O Nf8 12. Ne5 g6 13. f4 Ne6 14. Bh6 Ng7 15. f5 Bd6 16. fxg6 hxg6 17. Bxg6 Bxe5 18. dxe5 Rxe5 19. Bxf7+ Kxf7 20. Qh7 Qf8 21. Rxf6+ Kxf6 22. Rf1+ Bf5 23. g4 Qh8 24. g5+ Ke6 25. Qxh8 Rxh8 26. Bxg7 Rxh3 27. Bxe5 Kxe5 28. Ne2 Rxe3 29. Ng3 Rxg3+ 30. Kf2 Rxg5 31. Re1+ Be4 32. Ke3 Rg3+ 33. Kd2 Rg2+ 34. Re2 Rxe2+ 35. Kxe2 Kd4 36. Kd2 c5 37. Kc1 c4 38. b3 c3 39. a4 c2 40. a5 Kc3 41. b4 Kxb4 42. Kb2 d4 43. Ka2 d3 44. Kb2 d2 45. Ka2 d1=Q 46. Kb2 c1=Q+ 47. Ka2 Qa4# 0-1


[Site "https://www.chess.com"]

[Event "Titled Tuesday Blitz November 22 Early 2022"]
[White "Crevatin, Leo"]
[Black "Viskelis, Darius"]
[WhiteFideId "1726307"]
[BlackFideId "12800830"]
[WhiteElo "2208"]
[BlackElo "2025"]
[Result "1-0"]
[Round "07"]
[TimeControl "180+1"]
[Date "2022.11.23"]
[WhiteClock "0:00:40"]
[BlackClock "0:00:02"]

1. d4 d5 2. Bf4 Bf5 3. e3 e6 4. Bd3 Bxd3 5. cxd3 Bd6 6. Bg3 Nf6 7. Nf3 O-O 8. Qb3 Nc6 9. O-O Bxg3 10. hxg3 Qd6 11. Nc3 Qb4 12. Qc2 a5 13. Rac1 a4 14. a3 Qa5 15. Qe2 Qb6 16. Rc2 h6 17. Rfc1 Ra5 18. Nb1 Rfa8 19. Ne5 Nxe5 20. dxe5 Ne8 21. d4 c6 22. g4 Rb5 23. g3 Rb3 24. Kg2 Qb5 25. f3 Qxe2+ 26. Rxe2 Ra5 27. Kf2 Nc7 28. Ke1 Kf8 29. Kd1 Ke7 30. Kc2 Rab5 31. Nc3 Rxb2+ 32. Kd1 Rxe2 33. Nxb5 Rxe3 34. Nxc7 Rxf3 35. Kd2 Rxa3 36. Rc3 Rxc3 37. Kxc3 Kd7 38. Na8 b5 39. Kb4 Kc8 40. Nb6+ Kb7 41. Nd7 Kc7 42. Nc5 Kd8 43. Ka5 Kc7 44. Nd3 f6 45. Kb4 fxe5 46. Nxe5 Kb6 47. Nd3 Kc7 48. Kc5 Kd7 49. Ne5+ Kc7 50. Nxc6 a3 51. Nb4 e5 52. dxe5 Kd7 53. Kxd5 Ke7 54. e6 1-0


[Site "https://www.chess.com"]